 Dungeon Crawl Stone Soup version 0.25-a0-167-g836c352ace (webtiles) character file.

Game seed: 1593882288456066821, levelgen mode: deterministic

88 Lanoc the Slasher (level 4, -1/37 HPs)
             Began as a Formicid Berserker on Nov 25, 2019.
             Was a Believer of Trog.
             Slain by a leopard gecko (4 damage)
             ... on level 3 of the Dungeon.
             The game lasted 00:02:15 (1476 turns).

Lanoc the Slasher (Formicid Berserker)              Turns: 1476, Time: 00:02:17

Health: -1/37      AC:  2    Str: 21    XL:     4   Next: 81%
Magic:  4/4        EV: 12    Int:  7    God:    Trog [**....]
Gold:   100        SH:  0    Dex: 11    Spells: 3/3 levels left

rFire    . . .     SeeInvis +   a - +0 falchion
rCold    . . .     Gourm    .   (no shield)
rNeg     . . .     Faith    .   b - +0 animal skin
rPois    .         Spirit   .   (helmet unavailable)
rElec    .         Reflect  .   (no cloak)
rCorr    .         Harm     .   (no gloves)
MR       .....                  (no boots)
Stlth    +.........             (no amulet)
HPRegen  0.12/turn              (no ring)
MPRegen  0.09/turn              (no ring)

@: no status effects
A: permanent stasis, dig shafts and tunnels, four strong arms, antennae 3
a: Dig, Shaft Self, Trog's Hand, Renounce Religion


You were on level 3 of the Dungeon.
You worshipped Trog.
Trog was pleased with you.
You were not hungry.

You visited 1 branch of the dungeon, and saw 3 of its levels.

You collected 100 gold pieces.

Inventory:

Hand Weapons
 a - a +0 falchion (weapon)
Missiles
 j - 27 stones (quivered)
Armour
 b - a +0 animal skin (worn)
Scrolls
 d - a scroll of remove curse {unknown}
 g - 2 scrolls of identify {unknown}
 h - a scroll of teleportation {unknown}
Potions
 e - 2 potions of might {unknown}
 f - a potion of haste {unknown}
 i - 2 potions of curing {unknown}
Comestibles
 c - 2 rations


   Skills:
 + Level 3.9 Fighting
 * Level 4.0 Long Blades
 + Level 3.0 Armour
 + Level 2.4 Dodging


You had 3 spell levels left.
You didn't know any spells.
Your spell library was empty.

Dungeon Overview and Level Annotations

Branches:
Dungeon (3/15)

Altars:
Ashenzari
Yredelemnul


Innate Abilities, Weirdness & Mutations

You cannot be hasted, slowed, berserked, paralysed or teleported.
You can dig through walls and to a lower floor.
Your four strong arms can wield two-handed weapons with a shield.
You have a pair of large antennae on your head. (SInv)


Message History

The leopard gecko bites you.
* * * LOW HITPOINT WARNING * * *
You hit the leopard gecko.
The leopard gecko is almost dead.
The leopard gecko closely misses you. The leopard gecko misses you.
You closely miss the leopard gecko.
The leopard gecko is almost dead.
The leopard gecko bites you.
* * * LOW HITPOINT WARNING * * *
You barely miss the leopard gecko.
The leopard gecko is almost dead.
The leopard gecko bites you.
* * * LOW HITPOINT WARNING * * *
You miss the leopard gecko.
The leopard gecko is almost dead.
The leopard gecko barely misses you.
You riposte.
You hit the leopard gecko but do no damage.
The leopard gecko is almost dead.
The leopard gecko bites you.
You die...

...............## #.###
####.#. ####...#.....#.#
##...### #.###
#...##...##.###...P..##.#
# #...
######....P[♣...#.## #...
#.#..PP♣..÷...## # ....
#.###.P♣..####.### #.#
##..P## ##.#. #.# #####
##.♣ #@# ##♣ #..l.......
#.######### #. #


You could see a leopard gecko.

Vanquished Creatures
  Natasha (D:2)
  An adder (D:2)
  An ooze (D:3)
  A worm (D:2)
  2 orcs (D:3)
  A ball python (D:2)
  4 giant cockroaches
  A goblin (D:3)
  3 hobgoblins
  11 jackals
  A quokka (D:3)
  3 bats
  2 frilled lizards
  5 kobolds
  4 rats
41 creatures vanquished.

Notes
Turn   | Place    | Note
-------+----------+-------------------------------------------
     0 | D:1      | Lanoc the Formicid Berserker began the quest for the Orb.
     0 | D:1      | Reached XP level 1. HP: 18/18 MP: 1/1
    85 | D:2      | Reached XP level 2. HP: 22/24 MP: 2/2
   162 | D:2      | Found a shattered altar of Ashenzari.
   165 | D:2      | Found a basalt altar of Yredelemnul.
   169 | D:2      | Reached XP level 3. HP: 19/29 MP: 3/3
  1025 | D:2      | Noticed Natasha
  1027 | D:2      | Killed Natasha
  1027 | D:2      | Reached XP level 4. HP: 17/37 MP: 4/4
  1293 | D:3      | Reached ** piety under Trog
  1426 | D:3      | Reached skill level 4 in Long Blades
  1476 | D:3      | Slain by a leopard gecko

Levels and vault maps discovered:
D:1:      minmay_arrival_radiant_lines, layout_loops_ring
D:2:      layout_rooms, nicolae_overflow_hidden_temple, first_ration,
          minmay_crystal_room, uniq_natasha
D:3:      layout_loops_ring, serial_forest, infiniplex_forest_clump_small,
          infiniplex_forest_side_room, infiniplex_forest_corner_2,
          infiniplex_forest_lined_room_2, infiniplex_forest_clump_double,
          infiniplex_forest_straight_4, infiniplex_forest_straight_2,
          infiniplex_forest_end_1

Skill      XL: |  1  2  3  4 |
---------------+-------------+-----
Dodging        | 2 |  2.4
Long Blades    | 4 |  4.0
Armour         | 3 |  3.0
Fighting       | |  3.9

Action                   |  1- 3 |  4- 6 || total
-------------------------+-------+-------++-------
Melee: Falchion          |    80 |    76 ||   156
 Stab: Sleeping          |       |     1 ||     1
  Eat: Chunk             |       |     2 ||     2
Armor: Animal skin       |    16 |    17 ||    33
Dodge: Dodged            |    83 |    54 ||   137
       Rpst.: Falchion   |    27 |    18 ||    45

Table legend:
 A = Non-vault XP
 B = Vault XP
 C = Vault XP percentage of total XP
 D = Non-vault monster count
 E = Vault monster count
 F = Vault count percentage of total count
                 A         B        C        D         E       F
            +---------+---------+-------+---------+---------+-------
      Total |      91 |      35 |  27.8 |      40 |       1 |   2.4
            +---------+---------+-------+---------+---------+-------
        D:1 |       3 |       0 |   0.0 |       2 |       0 |   0.0
        D:2 |      52 |      35 |  40.2 |      21 |       1 |   4.5
        D:3 |      36 |       0 |   0.0 |      17 |       0 |   0.0
            +---------+---------+-------+---------+---------+-------
